Map: [ESL] Goldenaura

Players

SKillous

  • Race: Protoss Protoss
  • League: Diamond
  • Spawn Location: 5:00

Firefly - Winner!

  • Race: Protoss Protoss
  • League: Master
  • Spawn Location: 12:00

Event: IEM Katowice 2024

VOD

Have the link to the VOD?

Description

Time

  • Played on: Feb. 8, 2024, 10:28 a.m.
  • Length: 8:43

All games in this series

Show
View Real Time Build Order
Export as new Build Order

SKillous Protoss 

Build Orders: Blink Stalkers 

Get SALT Encoding   

  12  0:00  Probe  
  13  0:12  Probe  
  14  0:16  Pylon  
  14  0:24  Probe  
  15  0:34  Gateway  
  15  0:37  Probe (Chrono Boost)  
  16  0:46  Probe (Chrono Boost)  
  16  0:47  Assimilator  
  17  0:51  Probe (Chrono Boost)  
  17  0:55  Assimilator  
  18  1:03  Probe (Chrono Boost)  
  19  1:08  Gateway  
  19  1:13  Probe (Chrono Boost)  
  19  1:18  Probe (Chrono Boost)  
  20  1:24  Cybernetics Core  
  21  1:29  Probe  
  22  1:34  Pylon  
  22  1:42  Probe  
  23  1:54  Probe  
  24  2:00  Stalker x2  
  28  2:02  Warp Gate  
  28  2:06  Probe  
  29  2:12  Pylon  
  29  2:18  Probe  
  30  2:33  Stalker x2  
  30  2:35  Probe  
  34  2:48  Probe  
  35  3:08  Nexus, Probe  
  35  3:13  Twilight Council  
  35  3:20  Probe  
  35  3:23  Pylon  
  35  3:26  Sentry  
  38  3:32  Probe  
  39  3:41  Blink (Chrono Boost)  
  39  3:44  Probe  
  38  3:52  Stalker  
  38  3:57  Probe, Stalker  
  42  4:10  Probe  
  42  4:16  Stalker  
  44  4:20  Stalker, Probe  
  44  4:22  Probe  
  48  4:32  Probe  
  48  4:34  Probe  
  50  4:41  Stalker  
  50  4:44  Probe  
  53  4:46  Probe  
  54  4:53  Pylon  
  54  4:57  Probe  
  54  4:59  Nexus  
  55  5:01  Probe  
  56  5:08  Stalker  
  56  5:09  Probe  
  56  5:15  Probe (Chrono Boost)  
  57  5:27  Probe x2 (Chrono Boost)  
  58  5:32  Probe (Chrono Boost)  
  58  5:34  Forge  
  60  5:41  Probe  
  60  5:43  Shield Battery, Probe  
  60  5:45  Stalker x2  
  65  5:53  Robotics Facility  
  65  5:54  Charge, Probe  
  65  5:55  Probe  
  67  6:00  Protoss Ground Weapons Level 1 (Chrono Boost)  
  67  6:06  Gateway, Probe  
  67  6:08  Probe  
  69  6:12  Probe  
  69  6:14  Gateway  
  69  6:18  Probe  
  71  6:20  Probe  
  71  6:24  Probe, Stalker  
  75  6:30  Probe  
  75  6:32  Probe  
  73  6:36  Probe  
  73  6:41  Observer (Chrono Boost)  
  73  6:42  Probe  
  71  6:51  Probe x2 (Chrono Boost)  
  68  7:08  Probe (Chrono Boost)  
  68  7:10  Observer (Chrono Boost)  
  68  7:13  Probe (Chrono Boost)  
  71  7:17  Probe (Chrono Boost)  
  71  7:18  Pylon  
  73  7:23  Probe (Chrono Boost)  
  73  7:25  Probe (Chrono Boost)  
  73  7:26  Probe (Chrono Boost)  
  73  7:29  Probe  
  74  7:36  Probe  
  74  7:37  Probe  
  77  7:39  Assimilator  
  77  7:40  Assimilator  
  77  7:41  Probe  
  78  7:48  Probe, Robotics Bay  
  78  7:49  Probe  
  78  7:50  Photon Cannon  
  80  7:53  Probe  
  80  7:56  Pylon  
  80  7:58  Stalker x2  
  85  8:01  Shield Battery, Probe  
  85  8:03  Stalker  
  89  8:05  Probe  
  89  8:09  Gateway  
  89  8:10  Gateway  
  89  8:12  Stalker  
  81  8:22  Zealot x2  
  81  8:23  Probe x2  
  81  8:24  Probe  
  64  8:28  Stalker  
Show
View Real Time Build Order
Export as new Build Order

Firefly Protoss - Winner!

Build Orders:  

Get SALT Encoding   

  12  0:00  Probe  
  13  0:12  Probe  
  14  0:17  Pylon  
  14  0:24  Probe  
  15  0:35  Gateway  
  15  0:36  Probe (Chrono Boost)  
  16  0:47  Assimilator, Probe (Chrono Boost)  
  17  0:51  Probe (Chrono Boost)  
  17  0:55  Assimilator  
  18  1:03  Probe (Chrono Boost)  
  19  1:09  Gateway  
  19  1:12  Probe (Chrono Boost)  
  19  1:17  Probe (Chrono Boost)  
  20  1:24  Cybernetics Core  
  21  1:29  Probe  
  22  1:38  Pylon  
  22  1:42  Probe  
  23  1:57  Probe  
  23  1:59  Warp Gate (Chrono Boost)  
  23  2:00  Stalker x2  
  28  2:11  Pylon  
  28  2:17  Pylon  
  28  2:30  Sentry  
  28  2:35  Sentry  
  32  2:43  Nexus  
  32  2:54  Robotics Facility  
  32  2:59  Probe  
  33  3:11  Probe  
  34  3:14  Shield Battery  
  34  3:16  Shield Battery  
  34  3:23  Probe  
  35  3:40  Sentry, Stalker  
  39  3:53  Warp Prism (Chrono Boost)  
  39  3:54  Probe  
  39  3:55  Probe  
  42  4:05  Phoenix  
  42  4:06  Probe  
  42  4:07  Probe  
  42  4:08  Twilight Council  
  44  4:18  Probe  
  44  4:20  Immortal (Chrono Boost)  
  49  4:25  Probe  
  49  4:28  Pylon  
  50  4:35  Probe  
  51  4:39  Probe  
  52  4:46  Adept x2  
  52  4:47  Probe (Chrono Boost)  
  52  4:51  Dark Shrine  
  57  4:58  Probe (Chrono Boost)  
  57  4:59  Probe (Chrono Boost)  
  59  5:16  Probe  
  60  5:21  Pylon  
  60  5:23  Shield Battery, Pylon  
  60  5:28  Probe  
  61  5:29  Assimilator  
  61  5:31  Assimilator  
  61  5:34  Probe  
  60  5:36  Immortal (Chrono Boost)  
  60  5:40  Probe  
  63  5:48  Nexus  
  63  5:53  Probe x2  
  65  6:02  Blink (Chrono Boost)  
  65  6:03  Dark Templar x2  
  69  6:05  Probe x2  
  71  6:17  Immortal, Probe x2  
  77  6:29  Probe  
  78  6:38  Pylon  
  78  6:43  Gateway  
  78  6:44  Gateway  
  78  6:49  Gateway  
  78  6:50  Gateway  
  78  6:51  Immortal  
  78  6:56  Probe x2  
  78  7:00  Probe  
  83  7:04  Stalker  
  83  7:05  Stalker  
  83  7:08  Probe x2  
  89  7:13  Probe  
  89  7:14  Pylon  
  90  7:18  Pylon  
  90  7:20  Probe x2  
  92  7:25  Pylon, Probe  
  92  7:28  Stalker  
  95  7:35  Stalker  
  97  7:38  Probe  
  97  7:39  Stalker x2, Probe x2  
  97  7:42  Pylon  
  97  7:43  Pylon  
  104  7:45  Forge  
  104  7:48  Stalker  
  106  7:51  Stalker  
  106  7:52  Stalker  
  106  7:57  Observer  
  111  8:03  Stalker x3  
  117  8:14  Stalker x2  
  113  8:25  Stalker  
  113  8:26  Stalker x3  
  119  8:27  Probe  

Tags
 
Add a new tag
Caveats
  • Supply blocks, unpowered buildings, or Contaminate may cause inaccurate times.
  • Supply counts are checked every 10 seconds.